[Event "*** SCC Grand Prix: Titled Tuesday Blitz"]
[Site "Chess.com"]
[Date "2020.07.07"]
[Round "10"]
[White "stanyga"]
[Black "Maghalashvili"]
[Result "0-1"]
[WhiteElo "2622"]
[BlackElo "2763"]
[TimeControl "180+1"]
[EndTime "11:57:43 PDT"]
[Termination "Maghalashvili won on time"]

1. e4 c5 2. Nf3 d6 3. d4 cxd4 4.
Nxd4 Nf6 5. Nc3 a6 6. h3 b5 7. g4 Bb7 8. Bg2 e6 9. g5 Nfd7 10. Be3 Be7 11. h4 Nc5 12. a3 Nbd7 13. f4 Rc8 14. h5 Nb6 15. Qe2 Nc4 16. O-O-O Qa5 17. g6 Nxa3 18. gxf7+ Kxf7 19. f5 e5 20. h6 g6 21. fxg6+ hxg6 22. Rdf1+ Ke8 23. Qg4 b4 24.
Qxg6+ Kd8 25. Bg5 Bxg5+ 26. Qxg5+ Kc7 27. Qe7+ Kb8 28. Qxd6+ Ka8 29. Nd5 exd4 30. Nb6+ Ka7 31. Nxc8+ Rxc8 32. Qxd4 Qb6 33. Kd1 Rd8 34. Qxd8 Qxd8+ 35.
Kc1 Qg5+ 0-1

[Event "*** SCC Grand Prix: Titled Tuesday Blitz"]
[Site "Chess.com"]
[Date "2020.07.07"]
[Round "10"]
[White "Mikasinski"]
[Black "Quattroporte300"]
[Result "0-1"]
[WhiteElo "2436"]
[BlackElo "2313"]
[TimeControl "180+1"]
[EndTime "11:57:43 PDT"]
[Termination "Quattroporte300 won on time"]

1. e4 e5 2. Nf3 Nc6 3. Nc3 Nf6 4. Bb5 Bd6 5. Bxc6 dxc6 6. d4 Bb4 7. dxe5 Qxd1+ 8.
Kxd1 Bxc3 9. bxc3 Nxe4 10. Ke1 Nxc3 11. Bb2 Nd5 12. Ba3 Bf5 13. Nd4 Bg6 14. f3 O-O-O 15. Kf2 Rhe8 16. Rhe1 Nb6 17. Rad1 Nc4 18. Bc1 Rxe5 19. c3 c5 20. Nb5 Rxd1 21. Rxd1 a6 22. Na3 Nb6 23. Bf4 Re6 24. Be3 Na4 25. Rc1 Nb2 26. Ke2 b6 27. c4 Nd3 28. Rc3 Nb4 29. Kf2 Nxa2 30. Rb3 Nb4 31. Nb1 Bc2 32. Rb2 Nd3+ 0-1

[Event "*** SCC Grand Prix: Titled Tuesday Blitz"]
[Site "Chess.com"]
[Date "2020.07.07"]
[Round "10"]
[White "Roza_Idrisova"]
[Black "if_name_main_a"]
[Result "0-1"]
[WhiteElo "2233"]
[BlackElo "2394"]
[TimeControl "180+1"]
[EndTime "11:57:43 PDT"]
[Termination "if_name_main_a won on time"]

1. d4 Nf6 2. Nf3 e6 3. Bg5 c5 4. c3 Nc6 5. e3 d5 6. Nbd2 h6 7. Bh4 Be7 8. Bd3 g5 9. Bg3 Nh5 10. Be5 Nxe5 11. Nxe5 Ng7 12. Qf3 Bf6 13. Ng4 Be7 14. Ne5 Bf6 15. Bb5+ Kf8 16. Ng4 Be7 17. Bd3 Kg8 18. Ne5 Bf6 19. Ng4 Be7 20. Ne5 f6 21. Ng6 Bd7 22. Nxh8 Kxh8 23. h4 g4 24. Qxg4 f5 25. Qf4 Kh7 26. Nf3 cxd4 27. exd4 Nh5 28. Qd2 Qg8 29. O-O Qg4 30. Nh2 Qxh4 31. Rfe1 Rg8 32.
Re3 Bd6 33. Nf3 Qg4 34. Ne1 Bf4 35. Qe2 Qh4 36. Nf3 Qg4 37. Ne1 Bxe3 0-1

[Event "*** SCC Grand Prix: Titled Tuesday Blitz"]
[Site "Chess.com"]
[Date "2020.07.07"]
[Round "10"]
[White "FMalexhdez"]
[Black "Ole83"]
[Result "0-1"]
[WhiteElo "2117"]
[BlackElo "2275"]
[TimeControl "180+1"]
[EndTime "11:57:43 PDT"]
[Termination "Ole83 won by resignation"]

1. e4 d6 2. d4 Nf6 3. Nc3 g6 4. Nf3 Bg7 5. Be2 O-O 6. O-O c6 7. a4 Nbd7 8. a5 Qc7 9. Re1 Rb8 10. Bf1 e5 11. g3 b5 12. axb6 axb6 13. h3 b5 14. d5 cxd5 15. exd5 b4 16. Nb5 Qb6 17. Be3 Nc5 18. Na7 Bb7 19. Bc4 Rfd8 20. Ng5 h6 21. Nf3 Ra8 22. Nc6 Bxc6 23. dxc6 Qxc6 24. Qd2 Rxa1 25.
Rxa1 Qxf3 26. Bxc5 Ne4 27. Qd5 Ng5 28. Be3 Nxh3+ 29.
Kh2 Qxd5 30. Bxd5 Ng5 31. Ra7 Ne6 32. Rb7 e4 33. Rxb4 Nc5 34. Bxc5 dxc5 0-1

[Event "*** SCC Grand Prix: Titled Tuesday Blitz"]
[Site "Chess.com"]
[Date "2020.07.07"]
[Round "10"]
[White "Jbd735"]
[Black "Harry_Rakkel"]
[Result "0-1"]
[WhiteElo "2436"]
[BlackElo "2560"]
[TimeControl "180+1"]
[EndTime "11:57:44 PDT"]
[Termination "Harry_Rakkel won on time"]

1. e4 c5 2. Nf3 d6 3. d4 cxd4 4. Nxd4 Nf6 5. Nc3 a6 6. Bg5 e6 7. f4 Be7 8. Qe2 b5 9. O-O-O b4 10. Na4 Bb7 11. e5 Nd5 12. Bxe7 Qxe7 13. g3 Nxf4 14. gxf4 Bxh1 15. Bg2 Bxg2 16. Qxg2 Ra7 17. Qxg7 Qf8 18. Qg2 Rg8 19. Qh3 Rg6 20. Kb1 dxe5 21. fxe5 Qh6 22.
Qf3 Rd7 23. Qa8 Rd8 24. a3 Qh5 25. Rd3 Rg1+ 26. Ka2 Rd1 27. Rxd1 Qxd1 0-1

[Event "*** SCC Grand Prix: Titled Tuesday Blitz"]
[Site "Chess.com"]
[Date "2020.07.07"]
[Round "10"]
[White "floplover"]
[Black "ljuks68"]
[Result "0-1"]
[WhiteElo "2306"]
[BlackElo "2433"]
[TimeControl "180+1"]
[EndTime "11:57:45 PDT"]
[Termination "ljuks68 won on time"]

1. d4 d5 2. c4 c6 3. Nc3 Nf6 4. Nf3 dxc4 5. a4 Bf5 6. Ne5 Na6 7. f3 Nd7 8. Nxc4 e5 9. e4 exd4 10. exf5 dxc3 11. Qe2+ Be7 12. Nd6+ Kf8 13. Nxb7 Qb6 14. bxc3 Qxb7 15. Qxa6 Qc7 16. Be2 Bc5 17. Qc4 Qd6 18. Bf4 Ne5 19. Qe4 Re8 20. Rd1 Qf6 21. Qc2 g5 22.
Bg3 h5 23. h4 g4 24. Kf1 Be3 25. c4 Rg8 26. Bf2 gxf3 27. Bxf3 Nxf3 28. gxf3 Qe5 0-1

[Event "*** SCC Grand Prix: Titled Tuesday Blitz"]
[Site "Chess.com"]
[Date "2020.07.07"]
[Round "10"]
[White "ChessLover0108"]
[Black "jefferyx"]
[Result "0-1"]
[WhiteElo "2694"]
[BlackElo "2904"]
[TimeControl "180+1"]
[EndTime "11:57:47 PDT"]
[Termination "jefferyx won by resignation"]

1. d4 Nf6 2. c4 c5 3. d5 b5 4. cxb5 a6 5. bxa6 g6 6. Nc3 Bxa6 7. e4 Bxf1 8. Kxf1 d6 9. Nf3 Bg7 10. g3 O-O 11. Kg2 Nbd7 12. h3 Qb6 13. Qe2 Rfb8 14.
Re1 Ne8 15. a4 Nc7 16. Nd2 Qa6 17. Nc4 Rb4 18. Na3 Ne5 19. Qxa6 Rxa6 20. Rd1 Nc4 21. Nxc4 Rxc4 22. Bd2 Bxc3 23. bxc3 Rxe4 24. Bh6 f6 25.
Rab1 Kf7 26. c4 Rxa4 27. Rb7 Ne8 28. Rdb1 Raxc4 29. Rd7 Rb4 30. Ra1 Rb8 31. Raa7 f5 32. Bg5 Nf6 33. Rxd6 Ng8 34. Rc6 Rb2 35. d6 Ree2 36.
Be3 Rxe3 37. d7 Rd3 38. Rc8 Rbd2 39. Raa8 Rxd7 40. Rf8+ Ke6 41. Rxg8 Rc2 42. Rac8 Rdd2 43. Rg7 Rxf2+ 44. Kg1 Rfd2 0-1

[Event "*** SCC Grand Prix: Titled Tuesday Blitz"]
[Site "Chess.com"]
[Date "2020.07.07"]
[Round "10"]
[White "Witik"]
[Black "realmadridtv"]
[Result "0-1"]
[WhiteElo "2626"]
[BlackElo "2479"]
[TimeControl "180+1"]
[EndTime "11:57:47 PDT"]
[Termination "realmadridtv won on time"]

1. e4 e6 2. d3 d5 3. Qe2 Nc6 4.
Nf3 Nge7 5. h4 dxe4 6. dxe4 e5 7. h5 Bg4 8. c3 Qd7 9. Qc2 Bxf3 10. gxf3 O-O-O 11.
Bh3 f5 12. exf5 Kb8 13. f6 Qd5 14. fxe7 Bxe7 15. Nd2 Bh4 16. Ne4 Rhf8 17. Bg4 Be7 18. Be3 Qc4 19. Qe2 Qa4 20. Kf1 Na5 21. Kg2 Qc6 22. b3 g6 23. h6 Rf5 24. Rad1 Rdf8 25. c4 b6 26. Rd5 Nb7 27. Rhd1 Nd6 28. c5 Nxe4 29. fxe4 R5f7 30. Bd7 Qf6 31. c6 Qh4 32. Rh1 Qxe4+ 0-1

[Event "*** SCC Grand Prix: Titled Tuesday Blitz"]
[Site "Chess.com"]
[Date "2020.07.07"]
[Round "10"]
[White "dosto07"]
[Black "Irishchessman16"]
[Result "0-1"]
[WhiteElo "2201"]
[BlackElo "2402"]
[TimeControl "180+1"]
[EndTime "11:57:47 PDT"]
[Termination "Irishchessman16 won on time"]

1. d4 d5 2. Nf3 Nf6 3. Bf4 c5 4. e3 Nc6 5. Nbd2 Qb6 6. dxc5 Qxb2 7. Rb1 Qa3 8. Bb5 Qxc5 9. O-O g6 10. Ne5 Bg7 11. Bxc6+ bxc6 12. Nb3 Qc3 13. Nd4 c5 14. Ndc6 Bf5 15. Rb7 Bf8 16. Qb1 Nd7 17. Qb5 a6 18. Qe2 f6 19. g4 fxe5 20. gxf5 exf4 21. exf4 gxf5 22. Qe6 Qg7+ 23. Kh1 Nf6 24. Ne5 Rd8 25. Qc6+ Nd7 0-1

[Event "*** SCC Grand Prix: Titled Tuesday Blitz"]
[Site "Chess.com"]
[Date "2020.07.07"]
[Round "10"]
[White "anon569"]
[Black "K-Nygren"]
[Result "0-1"]
[WhiteElo "2342"]
[BlackElo "2458"]
[TimeControl "180+1"]
[EndTime "11:57:50 PDT"]
[Termination "K-Nygren won by checkmate"]

1. e4 e5 2. Nf3 f5 3. exf5 e4 4. Nd4 Qf6 5. Nb5 Qb6 6. Qh5+ Kd8 7.
N1c3 Nf6 8. Qh4 c6 9. Na3 d5 10. d3 Bxa3 11. bxa3 Re8 12. dxe4 Bxf5 13. Bd3 dxe4 14.
Be2 Nd7 15. O-O Qc5 16. Qg3 Bg6 17. Be3 Qxa3 18. Rfd1 Re7 19. Bd4 Ke8 20. Rac1 Rd8 21. Rb1 b5 22. Bxf6 gxf6 23. Rb3 Qc5 24. Bg4 f5 25.
Be2 Qe5 26. Qe3 f4 27. Qxa7 f3 28. Bxb5 cxb5 29. Nxb5 Qg5 30. g3 Qg4 31. Kh1 Qh3 32. Rg1 Re5 33. Nd6+ Kf8 34. Qc7 Qxh2+ 35. Kxh2 Rh5# 0-1

[Event "*** SCC Grand Prix: Titled Tuesday Blitz"]
[Site "Chess.com"]
[Date "2020.07.07"]
[Round "10"]
[White "Cxrjs"]
[Black "mr65"]
[Result "1-0"]
[WhiteElo "2288"]
[BlackElo "2107"]
[TimeControl "180+1"]
[EndTime "11:57:50 PDT"]
[Termination "Cxrjs won by resignation"]

1. e4 e5 2. Nf3 Nc6 3. Bb5 a6 4. Ba4 Nf6 5. Qe2 b5 6. Bb3 Be7 7. c3 d6 8. O-O O-O 9. Rd1 Na5 10. Bc2 c5 11. d3 Bb7 12. Nbd2 Qc7 13. Nf1 Nc6 14. Ng3 g6 15. Rf1 d5 16. h3 Rfe8 17.
Nh2 dxe4 18. dxe4 b4 19. Bh6 bxc3 20. bxc3 Rad8 21. Ng4 Nxg4 22. hxg4 Bf8 23. Be3 Qa5 24. Qc4 Qb5 25. Bb3 Qxc4 26. Bxc4 Na5 27. Be2 Be7 28.
Rab1 Bc8 29. g5 Be6 30. Bxa6 Nc4 31. Bc1 Ra8 32. Bb5 Rxa2 33. Bxe8 1-0

[Event "*** SCC Grand Prix: Titled Tuesday Blitz"]
[Site "Chess.com"]
[Date "2020.07.07"]
[Round "10"]
[White "Arathorn2"]
[Black "IngOscarArdila"]
[Result "1-0"]
[WhiteElo "2295"]
[BlackElo "2167"]
[TimeControl "180+1"]
[EndTime "11:57:50 PDT"]
[Termination "Arathorn2 won by resignation"]

1. d4 Nf6 2. c4 g6 3. Nc3 d6 4. e4 Bg7 5. h3 O-O 6. Be3 Nbd7 7. Nf3 e5 8. d5 a5 9. Nd2 c6 10. Be2 cxd5 11. cxd5 Nc5 12. O-O b6 13. a3 Bd7 14. b4 axb4 15. axb4 Rxa1 16. Qxa1 Nb7 17. Qa6 Qa8 18. Bxb6 Rc8 19. Qxa8 Rxa8 20.
Nc4 Ne8 21. f3 f5 22. Rc1 Nf6 23. Bc7 Bh6 24. Rc2 Ra1+ 25. Kf2 Ne8 26. Bb6 fxe4 27.
Nxe4 Kg7 28. Na5 Ba4 29. Rc8 Ra2 30. Nc3 Bd7 31. Rxe8 Rxe2+ 32. Kxe2 Bxe8 33. Nxb7 Kf6 34. Nxd6 Bd7 35. Nce4+ Ke7 36. Be3 Bxe3 37. Kxe3 h6 38. b5 Bf5 39. b6 Kd7 40. Nxf5 gxf5 41. Nc5+ Kd6 42. b7 Kc7 43. d6+ Kb8 44. d7 f4+ 1-0

[Event "*** SCC Grand Prix: Titled Tuesday Blitz"]
[Site "Chess.com"]
[Date "2020.07.07"]
[Round "10"]
[White "okriak"]
[Black "Roman_Ovetchkin"]
[Result "0-1"]
[WhiteElo "2710"]
[BlackElo "2598"]
[TimeControl "180+1"]
[EndTime "11:57:51 PDT"]
[Termination "Roman_Ovetchkin won by resignation"]

1. Nf3 Nf6 2. c4 g6 3. Nc3 Bg7 4. e4 d6 5. d4 O-O 6. h3 e5 7. dxe5 dxe5 8. Bg5 Qxd1+ 9. Rxd1 Nc6 10. c5 Be6 11. Bb5 Nd7 12. O-O Rfe8 13. Nd5 Rac8 14.
b4 f6 15. Be3 Nf8 16. a3 Bf7 17. Nd2 Ne6 18. Nc4 a6 19. Bxc6 bxc6 20. Nc3 Nd4 21. Na5 f5 22. f3 Bf6 23. Rf2 Re6 24. Rfd2 Be8 25. exf5 gxf5 26. Bxd4 exd4 27. Ne2 Re3 28. Nc4 Rc3 29. Nxc3 dxc3 30. Rc2 Bf7 31. Na5 Bd5 32. Rd3 Re8 33. Kf2 f4 34. Re2 c2 35. Rxe8+ Kf7 0-1

[Event "*** SCC Grand Prix: Titled Tuesday Blitz"]
[Site "Chess.com"]
[Date "2020.07.07"]
[Round "10"]
[White "MomchilPetkov"]
[Black "chargemax23"]
[Result "0-1"]
[WhiteElo "2541"]
[BlackElo "2681"]
[TimeControl "180+1"]
[EndTime "11:57:51 PDT"]
[Termination "chargemax23 won on time"]

1. e4 g6 2. d4 Bg7 3. Nf3 d6 4. h3 a6 5. a4 b6 6. Nc3 e6 7.
Be3 Ne7 8. Be2 Bb7 9. O-O Nd7 10. Qd2 h6 11. Rfe1 g5 12. d5 e5 13. Nh2 Ng6 14.
Nf1 Nf6 15. Ng3 Bc8 16. a5 b5 17. Na2 O-O 18. Nb4 Nf4 19. Bf1 h5 20. h4 gxh4 21. Nf5 Nxe4 22. Qd1 Bxf5 23. Nc6 Qg5 24. Bxf4 exf4 25.
f3 Ng3 26. Ne7+ Kh8 27. Nxf5 Qxf5 28. Bd3 Qg5 29. c3 h3 30. Qc2 Rfe8 31. gxh3 Qxd5 32. Kg2 h4 33. Rad1 Qg5 34. Kh2 Re3 35. Rxe3 fxe3 36. Qg2 Qf4 37. Kg1 Re8 38. Be2 Be5 39. Bd3 Rg8 0-1

[Event "*** SCC Grand Prix: Titled Tuesday Blitz"]
[Site "Chess.com"]
[Date "2020.07.07"]
[Round "10"]
[White "Godzillator"]
[Black "Efremov_Vlad"]
[Result "1/2-1/2"]
[WhiteElo "2348"]
[BlackElo "2216"]
[TimeControl "180+1"]
[EndTime "11:57:51 PDT"]
[Termination "Game drawn by repetition"]

1. d4 d5 2. c4 e6 3. cxd5 exd5 4. Nc3 Nf6 5. Bg5 Bb4 6. Qc2 c5 7. Nf3 h6 8. Bxf6 Qxf6 9. a3 Bxc3+ 10. Qxc3 c4 11. e4 dxe4 12. Ne5 O-O 13. Bxc4 Nc6 14.
Nxc6 Qxc6 15. O-O Be6 16. Bxe6 Qxe6 17. Rfe1 Qd5 18. Rac1 Rad8 19. Rcd1 Rfe8 20. g3 Re6 21. Qc5 b6 22. Qxd5 Rxd5 23. Rd2 f5 24. f3 e3 25.
Rd3 Red6 26. Rdxe3 Rxd4 27. Re8+ Kh7 28. R8e7 Rd7 29.
R1e2 Rd2 30. Rxd2 Rxd2 31. Rxa7 Rxb2 32. f4 Ra2 33. Ra6 b5 34. Ra5 g6 35. Rxb5 Rxa3 36.
Rb7+ Kg8 37. Kg2 Ra2+ 38. Kh3 Ra3 39. Kh4 Ra2 40. h3 Rh2 41. Ra7 Kh8 42. g4 fxg4 43.
Kxg4 Rg2+ 44. Kf3 Rh2 45. Kg3 Rb2 46. h4 Rb3+ 47. Kg4 Rb1 48. Kf3 Rh1 49. Kg3 Rg1+ 50. Kf2 Rh1 51. Kg3 Rg1+ 52. Kh3 Rh1+ 53. Kg4 Rg1+ 54.
Kf3 Rh1 55. Kg3 1/2-1/2

[Event "*** SCC Grand Prix: Titled Tuesday Blitz"]
[Site "Chess.com"]
[Date "2020.07.07"]
[Round "10"]
[White "Chessmasterzt"]
[Black "MasterKroket"]
[Result "1-0"]
[WhiteElo "2603"]
[BlackElo "2419"]
[TimeControl "180+1"]
[EndTime "11:57:52 PDT"]
[Termination "Chessmasterzt won by resignation"]

1. d4 Nf6 2. Nf3 e6 3. c4 b6 4.
a3 Bb7 5. Nc3 d5 6. Bg5 Be7 7.
e3 O-O 8. Rc1 c5 9. dxc5 Bxc5 10. cxd5 exd5 11. Be2 Be7 12. O-O h6 13. Bh4 Nbd7 14.
Nd4 g5 15. Bg3 Re8 16. Ncb5 Rc8 17. Bc7 Rxc7 18. Nxc7 Rf8 19. Nf5 Bc5 20. b4 Qxc7 21. bxc5 bxc5 22. Nxh6+ Kh7 23. Ng4 Nxg4 24. Bxg4 Ne5 25.
Bf5+ Kg7 26. f4 Nc4 27. Qh5 Rh8 28. Qxg5+ Kf8 29. Rfe1 Qd6 30. e4 Rg8 31. Qh4 Nd2 32.
e5 Nf3+ 33. Kh1 Nxh4 34. exd6 d4 35. Be4 Bxe4 36. Rxe4 Kg7 37. Rxc5 Rb8 38. h3 Rb1+ 39. Kh2 Rb2 40. Rg5+ Kf6 41. d7 Rb8 42. Re8 1-0

[Event "*** SCC Grand Prix: Titled Tuesday Blitz"]
[Site "Chess.com"]
[Date "2020.07.07"]
[Round "10"]
[White "Onischuk_V"]
[Black "Gabrielian_Artur"]
[Result "1/2-1/2"]
[WhiteElo "2895"]
[BlackElo "2784"]
[TimeControl "180+1"]
[EndTime "11:57:54 PDT"]
[Termination "Game drawn by agreement"]

1. e4 c5 2. Nf3 d6 3. c3 Nf6 4. Be2 g6 5. O-O Bg7 6. Bb5+ Nc6 7. Re1 O-O 8. h3 e5 9. a4 Re8 10. Na3 a6 11. Bf1 b6 12. d3 Bb7 13. Bg5 h6 14. Bxf6 Bxf6 15. Qb3 Rb8 16. Nc4 Bc8 17. Ne3 Bg7 18.
Be2 Be6 19. Qa3 b5 20. axb5 axb5 21. Nd5 Bxd5 22. exd5 Ne7 23. Qb3 b4 24. c4 Nf5 25.
Bd1 h5 26. Ra7 Ra8 27. Qa4 Rxa7 28. Qxa7 Qa8 29. Qa4 Qxa4 30. Bxa4 Ra8 31. b3 Kf8 32. g3 Bf6 33. Kg2 Nd4 34. Nxd4 exd4 35. f4 Kg7 36.
Kf3 Rh8 37. Bc6 h4 38. g4 g5 39. fxg5 Bxg5 40. Ra1 Rh6 41. Bd7 Rh8 42. Ra7 Kf6 43. Bc6 Rd8 44. Bd7 Bh6 45. Bb5 Bg5 46. Bc6 Bh6 47.
Ra8 1/2-1/2

[Event "*** SCC Grand Prix: Titled Tuesday Blitz"]
[Site "Chess.com"]
[Date "2020.07.07"]
[Round "10"]
[White "GMKrikor"]
[Black "SerGo055"]
[Result "1-0"]
[WhiteElo "2681"]
[BlackElo "2554"]
[TimeControl "180+1"]
[EndTime "11:57:54 PDT"]
[Termination "GMKrikor won by resignation"]

1. e4 d5 2. exd5 Qxd5 3. Nc3 Qd8 4. d4 Nf6 5. Nf3 c6 6. Bc4 Bf5 7. Ne5 e6 8. g4 Be4 9. Nxe4 Nxe4 10. Qf3 Nd6 11. Bb3 Nd7 12. Bf4 h5 13. gxh5 Nf6 14. Nxc6 Qb6 15. Ba4 Nb5 16. Ne5 Bd6 17. O-O-O Bxe5 18. dxe5 Nd5 19. Be3 Qa5 20. Bxb5+ Qxb5 21. Rhg1 Kf8 22.
h6 gxh6 23. Rxd5 Qxd5 24. Qf6 Rh7 25. Bxh6+ Rxh6 26. Qxh6+ Ke7 27. Qg5+ Kd7 28. Rd1 1-0

[Event "*** SCC Grand Prix: Titled Tuesday Blitz"]
[Site "Chess.com"]
[Date "2020.07.07"]
[Round "10"]
[White "MergenKakabaev"]
[Black "RitvarsReimanis"]
[Result "1-0"]
[WhiteElo "2458"]
[BlackElo "2554"]
[TimeControl "180+1"]
[EndTime "11:57:54 PDT"]
[Termination "MergenKakabaev won on time"]

1. e4 e5 2. Nf3 Nc6 3. Bb5 Nf6 4. O-O Nxe4 5. d4 Nd6 6. Bxc6 dxc6 7. dxe5 Nf5 8.
Qxd8+ Kxd8 9. Rd1+ Ke8 10. Nc3 Be6 11. b3 Be7 12. Bb2 h6 13. Ne4 b6 14. c4 c5 15. h3 h5 16. Re1 Kd7 17. Nfg5 Kc6 18. Nxe6 fxe6 19. Rad1 Rad8 20. g3 Nd4 21. Kg2 a5 22.
Bxd4 cxd4 23. a4 Kb7 24. Rd3 c5 25. f4 g6 26. Rf3 Kc6 27. Nf2 Rdf8 28. Nd3 Rf7 29.
Rh1 Rhh7 30. g4 hxg4 31. hxg4 Rxh1 32. Kxh1 Rh7+ 33. Kg2 Rh4 34. Nf2 Bd8 35. Rh3 Rxh3 36. Kxh3 Kd7 37. Kg2 Bc7 38. Nd3 Ke7 39. Kf3 Kf7 40. Ke4 Bd8 41. f5 Bg5 42. Ne1 Bc1 43. Nd3 Bd2 44. Nf2 Bc1 45. f6 g5 46. Nd3 Bd2 47. Nb2 Bc1 48. Nd1 Bd2 49. Nf2 Bc1 50.
Nd3 Bd2 51. Kf3 Be3 52. Kg3 Bd2 53. Kg2 Be3 54. Kf3 Bd2 55. Ke4 Be3 56. b4 cxb4 57. c5 bxc5 58. Nxc5 Bf2 59. Nb3 1-0

[Event "*** SCC Grand Prix: Titled Tuesday Blitz"]
[Site "Chess.com"]
[Date "2020.07.07"]
[Round "10"]
[White "LaPorfia"]
[Black "dpopadic"]
[Result "1-0"]
[WhiteElo "2233"]
[BlackElo "2367"]
[TimeControl "180+1"]
[EndTime "11:57:54 PDT"]
[Termination "LaPorfia won on time"]

1. d4 Nf6 2. Nf3 g6 3. Nc3 Bg7 4. e4 d6 5. h3 O-O 6. Be3 Nc6 7. Be2 e5 8. O-O exd4 9. Nxd4 Bd7 10. f4 Re8 11.
Bf3 Nxd4 12. Bxd4 Bc6 13. Qd3 Qd7 14. Rae1 a6 15. e5 dxe5 16. fxe5 Nh5 17. Bxh5 gxh5 18.
Ne4 Rad8 19. c3 Rxe5 20. Qg3 h4 21. Nf6+ Kh8 22. Qxe5 Qc8 23. Qh5 h6 24. Ng4 Rxd4 25. cxd4 Qg8 26. Rd1 Be4 27. Qxf7 Qd8 28. Ne5 Qg5 29.
Rf2 Kh7 30. Re1 1-0

[Event "*** SCC Grand Prix: Titled Tuesday Blitz"]
[Site "Chess.com"]
[Date "2020.07.07"]
[Round "10"]
[White "OnePeculiarConundrum"]
[Black "FMJoseHerrera"]
[Result "0-1"]
[WhiteElo "2350"]
[BlackElo "2486"]
[TimeControl "180+1"]
[EndTime "11:57:55 PDT"]
[Termination "FMJoseHerrera won by resignation"]

1. e4 f6 2. d4 g6 3. f4 Kf7 4. Nf3 Kg7 5. e5 d6 6. Bd3 dxe5 7. dxe5 Nc6 8. O-O Bg4 9. exf6+ exf6 10. h3 Bc5+ 11. Kh1 h5 12. Nc3 Nge7 13. Ne4 Bb6 14. Qe1 Nf5 15. Bd2 Bxf3 16. Rxf3 Ncd4 17. Rf1 h4 18. Rd1 Qf8 19. c3 Nc6 20. Kh2 Rd8 21.
Bc2 Re8 22. Bc1 Nb8 23. c4 c6 24. Qc3 Bc7 25. b3 c5 26. Rfe1 Nd4 27. Bb2 Nbc6 28.
Bb1 Bxf4+ 29. Kh1 Be5 30. Qd2 Nf5 31. Qd7+ Re7 32. Qd2 Ncd4 33. Nxc5 Ng3+ 34. Kg1 Nge2+ 35. Rxe2 Nxe2+ 36. Qxe2 Bh2+ 37. Kxh2 Rxe2 38. Rd7+ Kh6 39. Bc1+ g5 40. Bd3 Qxc5 41. Bxe2 Qe5+ 42. Kh1 Qxe2 43. Ba3 Qf1+ 44. Kh2 Qf4+ 45. Kh1 Re8 46. Bb4 Re2 47. Bf8+ Kg6 0-1

[Event "*** SCC Grand Prix: Titled Tuesday Blitz"]
[Site "Chess.com"]
[Date "2020.07.07"]
[Round "10"]
[White "boasovietica"]
[Black "MF1966Idrisov"]
[Result "1-0"]
[WhiteElo "2445"]
[BlackElo "2324"]
[TimeControl "180+1"]
[EndTime "11:57:55 PDT"]
[Termination "boasovietica won on time"]

1. e4 c5 2. Nf3 e6 3. Nc3 a6 4.
g3 b5 5. Bg2 Bb7 6. d3 d6 7.
O-O Nf6 8. Ng5 Be7 9. f4 O-O 10. g4 Nbd7 11. Nh3 Nb6 12. g5 Nfd7 13. Qh5 g6 14. Qh4 Re8 15. Bd2 Bf8 16. Nf2 f5 17. gxf6 Qxf6 18. Qg3 d5 19. e5 Qe7 20. Rae1 Bg7 21.
h4 Rf8 22. Bh3 b4 23. Ncd1 d4 24. Ne4 Bxe4 25. Rxe4 Nd5 26. Nf2 Rf7 27. Re2 Bh6 28. Ne4 Raf8 29. Ref2 Kh8 30. Bg4 Rg7 31. Qh3 Re8 32.
Nd6 Nf8 33. Nxe8 Qxe8 34. Qg3 Ne7 35. Kh1 Nf5 36. Bxf5 gxf5 37. Qh3 Rg4 38. Rg1 Qh5 39. Rxg4 fxg4 40. Qg3 Ng6 41. Rg2 Nxh4 42. Qxg4 1-0

[Event "*** SCC Grand Prix: Titled Tuesday Blitz"]
[Site "Chess.com"]
[Date "2020.07.07"]
[Round "10"]
[White "Morshynska"]
[Black "Hippotaner"]
[Result "1-0"]
[WhiteElo "2190"]
[BlackElo "2292"]
[TimeControl "180+1"]
[EndTime "11:57:55 PDT"]
[Termination "Morshynska won by resignation"]

1. e4 c5 2. Nf3 Nc6 3. d4 cxd4 4. Nxd4 Nf6 5. Nc3 e5 6. Ndb5 d6 7. Bg5 a6 8. Na3 b5 9. Nd5 Be7 10. Bxf6 Bxf6 11. c3 O-O 12. Nc2 Bg5 13. a4 Rb8 14.
axb5 axb5 15. Be2 Be6 16. O-O Ne7 17. Ncb4 f5 18. Nxe7+ Qxe7 19. Nc6 Qb7 20. Nxb8 Rxb8 21. Qxd6 Bf7 22. Qxe5 Bf6 23. Qxf5 Bg6 24. Qd5+ Qxd5 25. exd5 Bf7 26. Rfd1 b4 27. cxb4 Bxb2 28. Rab1 Bc3 29. b5 Ba5 30. d6 Bb6 31. Bf3 Bg6 32. Bd5+ Kf8 33. Ra1 Be8 34. Bc6 Bh5 35. Re1 Kg8 36. Ra8 Rxa8 37. Bxa8 Kf7 38. Bd5+ Kf6 39. d7 Bg4 40.
Bc6 h5 41. h3 Bf5 42. Re8 g5 43. d8=Q+ Bxd8 44. Rxd8 Ke7 45. Re8+ Kd6 46. Rg8 g4 47. hxg4 hxg4 48. Rg5 Be6 49. f3 gxf3 50. gxf3 Kc7 51. Rg7+ Kb6 52. Kf2 Bc4 53. Ke3 Be6 54. f4 Ba2 55.
Kd4 Bb3 56. Ke5 Ba2 57. f5 1-0

[Event "*** SCC Grand Prix: Titled Tuesday Blitz"]
[Site "Chess.com"]
[Date "2020.07.07"]
[Round "10"]
[White "CzechmVIII"]
[Black "InitiatingASC"]
[Result "0-1"]
[WhiteElo "2182"]
[BlackElo "2328"]
[TimeControl "180+1"]
[EndTime "11:57:56 PDT"]
[Termination "InitiatingASC won by resignation"]

1. e4 c5 2. Nf3 Nc6 3. Nc3 Nf6 4.
Bb5 g6 5. e5 Ng4 6. Bxc6 dxc6 7. d3 Nh6 8. Bf4 Nf5 9. Ne4 b6 10. Qe2 Bg7 11. Nf6+ Kf8 12. Ne4 Nd4 13. Nxd4 Qxd4 14.
c3 Qd5 15. O-O Bxe5 16. Bxe5 Qxe5 17. Rae1 Kg7 18. Qc2 Bf5 19. Ng3 Qd6 20. Nxf5+ gxf5 21. d4 e6 22. dxc5 Qxc5 23. Qd2 h6 24. Qf4 Rhd8 25. Re3 Qe7 26. Rg3+ Kh7 27. Re1 Qf6 28. Qf3 Rd6 29. Rh3 Rad8 30. Qe3 Rd1 31. f4 Qe7 32. Rxd1 Rxd1+ 33. Kf2 Qd8 34. Qe5 Qd2+ 35. Kg3 Qe1+ 36. Qxe1 Rxe1 37.
Kh4 Re2 38. Rd3 Rxg2 39. Kh3 Rxb2 40. Rd7 Rxa2 41. Rxf7+ Kg6 42. Rc7 c5 43. Rc6 Kf6 44. Kg3 Ra3 45. Kf2 Rxc3 46. Rc7 a5 0-1

[Event "*** SCC Grand Prix: Titled Tuesday Blitz"]
[Site "Chess.com"]
[Date "2020.07.07"]
[Round "10"]
[White "GustavoJuarezF"]
[Black "ChessArchitect64"]
[Result "1-0"]
[WhiteElo "1997"]
[BlackElo "1866"]
[TimeControl "180+1"]
[EndTime "11:57:57 PDT"]
[Termination "GustavoJuarezF won by resignation"]

1. e4 c5 2. Nc3 Nc6 3. g3 g6 4. Bg2 Bg7 5. d3 d6 6. Be3 Rb8 7.
Qd2 b5 8. Nf3 b4 9. Nd1 e6 10.
O-O Nge7 11. d4 cxd4 12. Nxd4 O-O 13. c3 bxc3 14. Nxc3 Ba6 15. Rfd1 Ne5 16. b3 N7c6 17. h3 Nxd4 18. Bxd4 Qc7 19. Rac1 Rfc8 20. Na4 Qe7 21.
Rxc8+ Rxc8 22. Rc1 Rxc1+ 23. Qxc1 Nf3+ 24. Bxf3 Bxd4 25. Qd2 e5 26. Be2 Bb7 27. Bd3 h5 28. Kh2 h4 29. Nc3 hxg3+ 30. fxg3 Bxc3 31. Qxc3 Qf6 32. Kg2 d5 33. Qe1 Qd6 34. Kh2 Kg7 35. Qe3 a5 36. h4 dxe4 37. Bxe4 Bxe4 38. Qxe4 Qd4 39. Qxd4 exd4 40. Kg2 Kf6 41. Kf3 Ke5 42. a3 Kd5 43. Ke2 Kc5 44. Kd3 f5 45. b4+ axb4 46. axb4+ Kxb4 47. Kxd4 f4 48. gxf4 Kb5 49. Ke5 Kc6 50. Kf6 Kd7 51. Kxg6 1-0